Map: [ESL] Alcyone

Players

Astrea

  • Race: Protoss Protoss
  • League: Master
  • Spawn Location: 1:00

LiquidClem (Clem) - Winner!

  • Race: Terran Terran
  • League: Grandmaster
  • Spawn Location: 7:00

Event: HomeStory Cup XXIV

VOD

Have the link to the VOD?

Description

Time

  • Played on: Dec. 1, 2023, 2:47 p.m.
  • Length: 12:24

All games in this series

Show
View Real Time Build Order
Export as new Build Order

Astrea Protoss 

Build Orders: 1 Gate Expand, Double Forge, Blink Stalkers 

Get SALT Encoding   

  12  0:00  Probe  
  13  0:12  Probe  
  14  0:17  Pylon  
  14  0:24  Probe (Chrono Boost)  
  16  0:36  Probe (Chrono Boost)  
  16  0:37  Gateway  
  16  0:42  Probe (Chrono Boost)  
  16  0:45  Assimilator  
  17  0:51  Probe  
  18  1:03  Probe  
  19  1:15  Probe  
  20  1:20  Nexus  
  20  1:29  Cybernetics Core  
  21  1:32  Probe  
  21  1:37  Assimilator  
  21  1:45  Probe  
  22  1:47  Pylon  
  22  1:57  Probe (Chrono Boost)  
  23  2:02  Adept (Chrono Boost)  
  23  2:05  Warp Gate  
  25  2:09  Probe (Chrono Boost)  
  26  2:16  Twilight Council  
  26  2:17  Probe (Chrono Boost)  
  27  2:25  Stalker  
  27  2:29  Probe (Chrono Boost)  
  30  2:33  Probe (Chrono Boost)  
  31  2:43  Probe x2 (Chrono Boost)  
  33  2:47  Probe (Chrono Boost)  
  33  2:51  Probe  
  35  2:55  Blink (Chrono Boost)  
  33  3:01  Shield Battery  
  33  3:03  Stalker (Chrono Boost), Probe  
  36  3:06  Probe  
  37  3:15  Probe  
  37  3:16  Pylon  
  37  3:19  Probe  
  36  3:27  Probe  
  36  3:31  Probe  
  37  3:39  Probe  
  38  3:41  Gateway  
  38  3:43  Probe  
  39  3:51  Probe  
  39  3:55  Sentry, Probe  
  43  4:03  Probe  
  43  4:04  Nexus  
  43  4:06  Pylon, Phoenix  
  43  4:07  Probe  
  45  4:16  Probe  
  46  4:19  Forge, Probe  
  47  4:26  Forge  
  47  4:28  Pylon, Probe  
  47  4:30  Stalker  
  50  4:31  Probe  
  51  4:39  Stalker  
  51  4:40  Probe  
  51  4:41  Pylon  
  51  4:44  Probe  
  55  4:52  Probe  
  56  4:56  Stalker, Probe  
  59  5:02  Stalker  
  59  5:04  Probe  
  62  5:08  Charge, Probe  
  63  5:16  Probe  
  63  5:18  Shield Battery, Probe  
  63  5:20  Protoss Ground Armor Level 1 (Chrono Boost), Probe  
  66  5:23  Protoss Ground Weapons Level 1 (Chrono Boost)  
  67  5:28  Probe  
  67  5:29  Stalker x2  
  67  5:30  Probe  
  66  5:38  Gateway  
  66  5:39  Gateway  
  66  5:41  Gateway, Probe  
  66  5:55  Stalker x2, Gateway  
  70  5:57  Gateway  
  70  5:59  Gateway, Probe x3  
  70  6:00  Pylon  
  73  6:07  Pylon  
  73  6:11  Probe  
  74  6:15  Pylon  
  72  6:18  Stalker  
  72  6:20  Probe  
  72  6:25  Pylon  
  74  6:29  Probe  
  74  6:30  Probe  
  68  6:36  Zealot x4  
  67  6:40  Probe  
  67  6:44  Probe x2  
  67  6:46  Stalker  
  67  6:51  Sentry  
  67  6:52  Probe  
  68  6:56  Probe  
  68  6:59  Pylon  
  68  7:00  Probe  
  70  7:01  Zealot  
  70  7:07  Probe  
  70  7:08  Probe  
  74  7:10  Zealot x2  
  74  7:12  Probe  
  74  7:14  Zealot  
  81  7:19  Probe  
  81  7:20  Probe  
  83  7:24  Probe  
  84  7:31  Probe  
  84  7:32  Zealot x4, Probe  
  84  7:36  Probe  
  95  7:38  Zealot  
  95  7:43  Probe  
  95  7:44  Zealot x2  
  102  7:47  Probe  
  102  7:49  Probe  
  104  7:56  Zealot x3  
  109  8:03  Pylon, Zealot x3  
  101  8:14  Robotics Facility, Probe  
  101  8:15  Zealot x2  
  101  8:17  Probe  
  101  8:18  Zealot  
  98  8:28  Probe  
  98  8:31  Probe x2  
  101  8:34  Zealot x4  
  109  8:46  Zealot x3  
  75  8:48  Protoss Ground Armor Level 2 (Chrono Boost)  
  115  8:51  Photon Cannon  
  115  8:53  Photon Cannon  
  115  8:55  Pylon  
  115  9:05  Zealot x4  
  115  9:09  Observer (Chrono Boost)  
  123  9:11  Pylon, Probe x2  
  123  9:13  Probe  
  124  9:37  Zealot x7  
  116  9:42  Probe x2  
  96  9:50  Protoss Ground Weapons Level 2 (Chrono Boost), Probe  
  85  9:54  Probe  
  85  9:55  Probe  
  85  9:58  Observer  
  87  10:01  Zealot x6  
  87  10:04  Observer (Chrono Boost)  
  100  10:07  Nexus  
  100  10:09  Pylon  
  100  10:16  Zealot  
  100  10:22  Zealot x6  
  110  10:31  Immortal (Chrono Boost)  
  112  10:45  Stalker x5  
  112  10:46  Zealot  
  112  10:49  Pylon  
  122  10:50  Observer, Probe x2  
  122  11:07  Zealot x2  
  122  11:08  Zealot x5  
  134  11:15  Observer  
  134  11:28  Gateway  
  134  11:29  Gateway  
  133  11:37  Zealot  
  133  11:38  Zealot x6  
  133  11:59  Zealot x5  
  133  12:10  Pylon x2  
  121  12:20  Zealot x5  
Show
View Real Time Build Order
Export as new Build Order

LiquidClem Terran - Winner!

Build Orders: Reaper Expand 

Get SALT Encoding   

  12  0:00  SCV  
  13  0:12  SCV  
  14  0:17  Supply Depot  
  14  0:24  SCV  
  15  0:38  SCV  
  15  0:40  Barracks  
  16  0:44  Refinery  
  16  0:50  SCV  
  17  0:58  Barracks  
  17  1:03  SCV  
  18  1:15  SCV  
  19  1:27  Reaper  
  20  1:41  Command Center  
  20  1:45  Reaper  
  21  1:55  Supply Depot  
  21  2:03  Reaper  
  21  2:05  Orbital Command  
  22  2:12  Refinery  
  22  2:21  Reaper  
  23  2:31  SCV  
  23  2:36  Marine  
  25  2:43  SCV  
  26  2:47  Factory  
  26  2:55  SCV  
  26  2:57  Barracks Reactor  
  27  3:00  Orbital Command  
  26  3:07  SCV  
  27  3:13  Barracks Tech Lab  
  28  3:20  SCV  
  28  3:26  SCV  
  29  3:32  SCV  
  29  3:33  Starport, Marine  
  29  3:37  Marine x2, Supply Depot  
  29  3:39  SCV  
  32  3:44  Stimpack  
  32  3:45  SCV  
  33  3:51  Bunker, SCV  
  33  3:53  Marine  
  33  3:55  Marine x2  
  35  3:56  Factory Reactor  
  35  3:57  SCV  
  38  4:03  SCV  
  38  4:09  SCV  
  40  4:11  Marauder  
  40  4:13  Marine x2, Supply Depot  
  40  4:16  SCV  
  45  4:22  SCV  
  46  4:26  Barracks  
  46  4:28  SCV  
  46  4:31  Marine x2  
  48  4:34  SCV  
  48  4:36  Medivac, Supply Depot  
  48  4:38  Medivac  
  54  4:41  Marauder  
  54  4:43  SCV  
  57  4:46  SCV  
  57  4:48  Refinery  
  57  4:51  Engineering Bay  
  58  4:54  Marine  
  58  4:55  Marine, SCV  
  61  5:00  Factory Reactor  
  61  5:01  SCV  
  61  5:02  Marauder  
  64  5:07  SCV  
  64  5:12  Supply Depot  
  64  5:13  Marine x2  
  64  5:14  SCV  
  68  5:19  SCV  
  68  5:21  Barracks Tech Lab  
  68  5:23  Marine  
  68  5:24  Medivac  
  68  5:26  SCV  
  70  5:32  Supply Depot  
  70  5:34  SCV  
  71  5:35  Terran Infantry Weapons Level 1  
  71  5:36  Refinery  
  71  5:37  Marine x2  
  71  5:38  SCV  
  71  5:39  Marauder  
  71  5:42  Supply Depot  
  76  5:44  Marauder  
  78  5:53  Supply Depot  
  78  5:54  Widow Mine x2, SCV  
  78  5:56  Concussive Shells  
  83  5:57  SCV  
  83  5:58  Marine  
  83  5:59  Marine  
  86  6:05  Medivac  
  86  6:06  SCV  
  86  6:08  Medivac  
  91  6:16  Marauder x2  
  95  6:19  Supply Depot  
  95  6:20  Widow Mine x2, Marine  
  95  6:22  Marine  
  101  6:37  Marine, Marauder  
  101  6:38  Marine  
  101  6:39  SCV  
  96  6:42  Command Center, SCV  
  96  6:45  Marine  
  95  6:47  Widow Mine  
  95  6:51  SCV  
  95  6:53  Medivac, Widow Mine  
  95  6:54  Medivac  
  95  6:56  Marine  
  95  6:58  Marauder, Combat Shield  
  100  7:02  Supply Depot  
  100  7:05  Marine  
  100  7:07  Marauder  
  102  7:10  Widow Mine  
  102  7:14  Widow Mine  
  106  7:16  Armory, Marine  
  106  7:20  SCV x2  
  109  7:24  Marauder, Marine  
  109  7:28  Marauder, Supply Depot  
  114  7:30  Terran Infantry Armor Level 1  
  114  7:33  SCV  
  114  7:34  Marine, Widow Mine  
  118  7:43  SCV  
  118  7:49  Barracks  
  118  7:50  Viking, Widow Mine  
  118  7:51  Marine, SCV  
  123  7:52  Barracks  
  123  7:56  Widow Mine  
  126  7:58  Marine, SCV  
  126  7:59  Marauder  
  126  8:02  Marine  
  131  8:08  Supply Depot, SCV  
  131  8:11  Medivac, Marine, Widow Mine  
  123  8:14  SCV  
  123  8:19  Marine  
  125  8:20  Marauder  
  125  8:26  Medivac, Widow Mine, Marauder  
  114  8:27  SCV  
  114  8:29  SCV  
  114  8:33  Orbital Command  
  110  8:35  Marine  
  110  8:38  Barracks Tech Lab  
  110  8:39  Barracks Reactor  
  110  8:40  Widow Mine, Marine  
  114  8:43  SCV  
  114  8:44  Marine  
  114  8:47  Marauder  
  114  8:48  SCV  
  119  8:52  Medivac  
  119  8:54  Widow Mine, Marine  
  124  8:56  SCV  
  124  8:58  Marauder  
  124  9:00  Marine  
  124  9:01  Widow Mine, SCV  
  124  9:02  Marauder, SCV  
  134  9:06  Bunker  
  134  9:10  Ghost Academy, Medivac  
  134  9:15  SCV, Supply Depot  
  134  9:16  Refinery, Marine x3  
  140  9:19  Marauder  
  140  9:21  Widow Mine  
  140  9:22  Medivac, Widow Mine  
  148  9:25  Marine  
  148  9:27  Marauder  
  148  9:28  Marauder  
  144  9:33  Marine  
  144  9:34  SCV  
  144  9:35  Marine, SCV  
  144  9:36  Marine  
  144  9:37  SCV  
  138  9:40  Medivac, Marauder  
  138  9:43  Marine  
  138  9:45  Widow Mine  
  132  9:46  SCV  
  132  9:47  Widow Mine  
  132  9:48  Marauder, Marine  
  132  9:51  Marine  
  126  9:53  Refinery, Marine  
  126  9:54  Command Center  
  126  9:58  Medivac  
  124  10:00  Engineering Bay  
  124  10:02  Marine x2  
  124  10:04  Marauder  
  124  10:06  Widow Mine  
  130  10:11  Missile Turret  
  130  10:12  Marine x2  
  132  10:16  Widow Mine, Ghost  
  136  10:22  Marine  
  136  10:23  Marine, Ghost  
  136  10:26  Medivac, Marine  
  143  10:35  Supply Depot  
  143  10:36  Marine x2  
  143  10:40  Marine  
  143  10:42  Bunker, SCV  
  147  10:43  SCV  
  147  10:44  Marine, SCV  
  147  10:45  Marauder  
  147  10:46  Marauder  
  154  10:52  Marauder  
  156  10:57  Widow Mine  
  156  10:59  SCV  
  156  11:00  SCV  
  156  11:02  SCV  
  158  11:06  Marine, Supply Depot  
  157  11:11  SCV, Ghost x2  
  157  11:12  SCV  
  157  11:14  SCV  
  157  11:17  Marine x4  
  168  11:23  Widow Mine x2, SCV  
  173  11:27  Supply Depot  
  173  11:28  Medivac  
  173  11:29  Medivac  
  173  11:30  Marine  
  178  11:34  Supply Depot  
  178  11:35  Ghost  
  178  11:38  Marine x2  
  178  11:39  Marine  
  183  11:40  Marine  
  183  11:42  Ghost  
  183  11:45  Widow Mine  
  187  11:49  Widow Mine  
  187  11:51  Marine, Supply Depot  
  190  11:57  Marine  
  190  11:58  Marauder  
  190  12:00  Marine  
  194  12:06  Marine  
Tags
 
Add a new tag
Caveats
  • Supply blocks, unpowered buildings, or Contaminate may cause inaccurate times.
  • Supply counts are checked every 10 seconds.